 Dungeon Crawl Stone Soup version 0.29.1-13-g9f3cf754e1 (webtiles) character file.

Game seed: 17205755270991640919

45 leafyfresh the Magician (level 3, 0/37 HPs)
             Began as a Djinni Ice Elementalist on Feb 3, 2023.
             Slain by a goblin
             ... wielding a +0 club
             ... led by Robin
              (2 damage)
             ... on level 2 of the Dungeon.
             The game lasted 00:03:18 (2081 turns).

leafyfresh the Magician (Djinni Ice Elementalist)   Turns: 2081, Time: 00:03:20

Health: 0/37       AC:  2    Str:  7    XL:     3   Next: 90%
Gold:   34         EV: 12    Int: 18    God:
                   SH:  0    Dex: 13

rFire   + + .      SeeInvis .   c - +0 short sword
rCold   x . .      Faith    .   (no shield)
rNeg    . . .      Spirit   .   a - +0 robe
rPois   ∞          Reflect  .   (no helmet)
rElec   .          Harm     .   (no cloak)
rCorr   .          Rampage  .   (no gloves)
Will    .....                   (boots unavailable)
Stlth   ..........              (no amulet)
HPRegen 0.12/turn               (no ring)
MPRegen 0.00/turn               (no ring)

@: berserking (expiring), freezing walls, flying, very quick
A: sickness immunity, fire resistance 2, cold vulnerability 1, float, innate
caster, HP casting, extra vitality 1
a: no special abilities


You were on level 2 of the Dungeon.
You visited 1 branch of the dungeon, and saw 2 of its levels.

You collected 62 gold pieces.
You spent 28 gold pieces at shops.

Inventory:

Hand Weapons
 c - a +0 short sword (weapon)
Armour
 a - a +0 robe (worn)
Scrolls
 d - a scroll of identify
 g - a scroll of amnesia {unknown}
Potions
 e - a potion of mutation {unknown}
 f - a potion of resistance {unknown}


   Skills:
 - Level 2.1 Dodging
 - Level 1.5 Stealth
 + Level 4.2 Spellcasting


You couldn't memorise any spells.
You knew the following spells:

 Your Spells              Type           Power      Damage    Failure   Level
a - Freeze                Ice            72%        1d9       2%          1
b - Frozen Ramparts       Ice            36%        1d6       8%          3
c - Ozocubu's Armour      Ice            18%        N/A       8%          3
d - Hailstorm             Conj/Ice       18%        3d6       26%         4
e - Sandblast             Erth           36%        2d10      2%          1
Your spell library was empty.

Dungeon Overview and Level Annotations

Branches:
Dungeon (2/15)

Altars:

Shops:
D:1 ?

Annotations:
D:2 Robin


Innate Abilities, Weirdness & Mutations

You are immune to sickness and miasma.
You are immune to poison.
Your flesh is very heat resistant. (rF++)
You are vulnerable to cold. (rC-)
You float through the air rather than walking.
You learn spells naturally, not from books.
Your magical power is your life essence.
You have superior vitality. (+4 MHP)


Message History

The adder seems to slow down.
The wall freezes the adder.
The wall freezes the goblin.
You kill the goblin!
The wall freezes the goblin.
You kill the goblin!
The wall freezes the adder.
You are too berserk!
You are too berserk!
Unknown command.
You puncture the goblin!
You kill the goblin!
You hit the goblin.
You kill the goblin!
The wall freezes the adder.
You barely miss the adder.
The adder is almost dead.
The adder is no longer moving slowly.
Robin's bangles clink loudly.
The wall freezes the goblin.
The wall freezes the adder.
You kill the adder!
Your frozen ramparts will break if you move.
Continue? [Y]es or [N]o only, please.
Your frozen ramparts will break if you move.
Continue? [Y]es or [N]o only, please.
Your frozen ramparts will break if you move.
Continue? [Y]es or [N]o only, please.
Your frozen ramparts will break if you move.
Continue? [Y]es or [N]o only, please.
Your frozen ramparts will break if you move.
Continue?
Okay, then.
The wall freezes the goblin.
You kill the goblin!
The wall freezes the goblin.
Robin throws the goblin at you!
You puncture the goblin!
You kill the goblin!
A ball python comes into view.
The wall freezes the goblin.
You kill the goblin!
The wall freezes the goblin.
The goblin hits you with a +0 club.
You die...

....#...
#...S...
#.>.⌠.<
##..... #....#
##g..#
###g...#
#ggg⌠.##
#@#.g.#
#.##g#######
#....##....#
###...#....#
..
###......#...
###....#......
#...........
##...........
#:....#:.....


You could see Robin, 2 hobgoblins, 2 goblins and a ball python (wandering).

Vanquished Creatures
  An adder (D:2)
  A bat (D:1)
  2 endoplasms
  A giant cockroach (D:1)
  12 goblins
  2 hobgoblins (D:1)
  4 kobolds (D:1)
  5 quokkas
  A ball python (D:1)
  2 frilled lizards (D:1)
  A rat (D:2)
32 creatures vanquished.

Notes
Turn   | Place    | Note
-------+----------+-------------------------------------------
     0 | D:1      | leafyfresh the Djinni Ice Elementalist began the quest for
                  | the Orb.
     0 | D:1      | leafyfresh set off with the following spells memorised:
                  | Freeze, Frozen Ramparts, Ozocubu's Armour, Hailstorm.
     0 | D:1      | Reached XP level 1. HP: 15/15 MP: 0/0
    18 | D:1      | Found a faded altar of an unknown god.
   306 | D:1      | Reached XP level 2. HP: 20/21 MP: 0/0
   566 | D:1      | Found Nirotz's Magic Scroll Shoppe.
   574 | D:1      | Bought a scroll of identify for 28 gold pieces
  1100 | D:1      | Reached XP level 3. HP: 23/25 MP: 0/0
  1100 | D:1      | Learned a level 1 spell: Sandblast
  1648 | D:2      | Reached skill level 4 in Spellcasting
  2066 | D:2      | Noticed Robin
  2075 | D:2      | HP: 1/25 [Robin/goblin (2)]
  2081 | D:2      | Slain by a goblin

Illustrated notes

Levels and vault maps discovered:
D:1:      saegor_arrival_under_anarchy, layout_basic, serial_forest,
          infiniplex_forest_clump_small, infiniplex_forest_clump_curved,
          infiniplex_forest_3_way, infiniplex_forest_straight_5,
          infiniplex_forest_end_2, infiniplex_forest_fountain,
          infiniplex_forest_lined_corner, infiniplex_forest_straight_1,
          infiniplex_forest_straight_3, ebering_ecumenical_altar_rust,
          serial_shops, nicolae_shop_crystal, grunt_decor_arrowhead,
          hangedman_glass_teeth
D:2:      minmay_razor_zed, layout_rooms, grunt_decor_junction,
          grunt_ministairs_13, uniq_robin, uniq_crazy_yiuf_cottage, uniq_sigmund

Skill      XL: |  1  2  3 |
---------------+----------+-----
Spellcasting   | 4 |  4.2
Dodging        | |  2.1
Stealth        | |  1.5

Action                   || total
-------------------------++-------
Melee: Unarmed           ||     6
       Short sword       ||    25
 Cast: Freeze            ||    28
       Frozen Ramparts   ||     1
  Use: Potion            ||     1
Armor: Robe              ||    19
Dodge: Dodged            ||    46
